 Dungeon Crawl Stone Soup version 0.22-a0-782-g038298e (webtiles) character file.

3192 Mgcat the Basher (level 9, 0/74 HPs)
             Began as a Black Draconian Berserker on July 17, 2018.
             Was a High Priest of Trog.
             Slain by an orc warrior
             ... wielding a +2 halberd of freezing
              (3 damage)
             ... on level 7 of the Dungeon on July 19, 2018.
             The game lasted 00:19:52 (4784 turns).

Mgcat the Basher (Black Draconian Berserker)        Turns: 4784, Time: 00:19:53

Health: 0/74       AC: 11    Str: 23    XL:     9   Next: 64%
Magic:  9/9        EV: 14    Int:  7    God:    Trog [*****.]
Gold:   211        SH:  0    Dex: 11    Spells: 8/8 levels left

rFire    . . .     SeeInvis .   y - +3 mace (holy)
rCold    + . .     Gourm    .   (no shield)
rNeg     . . .     Faith    .   (armour unavailable)
rPois    .         Spirit   .   (helmet restricted)
rElec    +         Reflect  .   w - +0 cloak
rCorr    .         Harm     .   (no gloves)
MR       .....                  s - +2 pair of boots
Stlth    +.........             (no amulet)
HPRegen  0.22/turn              o - ring of protection from cold {rC+, !d}
MPRegen  0.11/turn              u - +5 ring of slaying

@: berserk cooldown, slowed, very slow
A: breathe lightning, unfitting armour, electricity resistance, cold-blooded, AC
+7
a: Breathe Lightning, Berserk, Trog's Hand, Brothers in Arms, Renounce Religion


You were on level 7 of the Dungeon.
You worshipped Trog.
Trog was extremely pleased with you.
You were very hungry.

You visited 1 branch of the dungeon, and saw 8 of its levels.

You collected 261 gold pieces.
You spent 50 gold pieces at shops.

Inventory:

Hand Weapons
 y - a +3 mace of holy wrath (weapon)
   (You found it on level 5 of the Dungeon)
Missiles
 m - 2 javelins
 n - 6 throwing nets {=f, !d}
 r - 3 javelins of returning (quivered)
Armour
 s - a +2 pair of boots (worn)
   (You found it on level 3 of the Dungeon)
 w - a +0 cloak (worn)
   (You took it off Crazy Yiuf on level 5 of the Dungeon)
Jewellery
 o - a ring of protection from cold (left hand) {rC+, !d}
   (You found it on level 2 of the Dungeon)
 u - a +5 ring of slaying (right hand)
   (You found it on level 5 of the Dungeon)
Wands
 e - a wand of polymorph (17)
   (You found it on level 5 of the Dungeon)
 j - a wand of acid (15)
   (You took it off Ijyb on level 5 of the Dungeon)
Scrolls
 d - 2 scrolls of magic mapping {!r}
 f - 3 scrolls of teleportation
 i - 4 scrolls of remove curse
 p - a scroll of blinking {!r}
 t - 2 scrolls of identify
Potions
 a - a potion of resistance {unknown}
 c - a potion of ambrosia
 g - 3 potions of mutation {!q}
 h - 5 potions of flight
 k - 4 potions of might
 l - a potion of cancellation {unknown}
 q - a potion of berserk rage {unknown}
 v - a potion of curing {unknown}
 x - 2 potions of lignification {unknown}
 B - 2 potions of heal wounds
Comestibles
 b - 7 rations
 z - 8 chunks of flesh {@w0}


   Skills:
 - Level 5.0 Fighting
 + Level 10.9 Maces & Flails
 - Level 5.6 Throwing
 - Level 5.0 Dodging


You had 8 spell levels left.
You didn't know any spells.
Your spell library contained the following spells:

 Spells                   Type           Power        Failure   Level  Hunger
 Spider Form              Tmut/Pois      #.........   80%         3    ####...
 Blade Hands              Tmut           #.........   100%        5    ######.
 Ice Form                 Ice/Tmut       #.......     99%         4    #####..
 Deflect Missiles         Chrm/Air       #.........   100%        6    #######
 Sticks to Snakes         Tmut           #.......     56%         2    ###....
 Silence                  Hex/Air        #.........   100%        5    ######.
 Conjure Ball Lightning   Conj/Air       #.........   100%        6    #######
 Tornado                  Air            #.........   100%        9    #######
 Beastly Appendage        Tmut           #.....       43%         1    ##.....
 Summon Lightning Spire   Summ/Air       #.......     99%         4    #####..


Dungeon Overview and Level Annotations

Branches:
Dungeon (8/15)             Temple (0/1) D:5
   Lair: D:8-11

Altars:
Ashenzari
Okawaru
Wu Jian
The Shining One

Shops:
D:8 !


Innate Abilities, Weirdness & Mutations

You can breathe wild blasts of lightning.
Your glossy black scales are hard. (AC +7)
You cannot fit into any form of body armour.
You are resistant to electric shocks. (rElec)
You are cold-blooded and may be slowed by cold attacks.


Message History

Found a potion of might and a robe.
Found an escape hatch in the floor.
You closely miss the kobold.
The centaur shouts!
You hear a shout!
A kobold comes into view.
An orc priest comes into view. It is wielding a short sword.
The kobold closely misses you.
You closely miss the kobold. The kobold closely misses you.
You closely miss the kobold.
A red film seems to cover your vision as you go berserk!
You feel yourself moving faster!
You feel mighty!
You are feeling very hungry.
The kobold barely misses you. The big kobold barely misses you.
You bludgeon the big kobold!!
Your tail-slap misses the big kobold.
The big kobold is almost dead.
You hear a shout!
The kobold hits you with a club.
You bludgeon the big kobold!!
You feel the power of Trog in you as your rage grows.
You kill the big kobold!
Trog accepts your kill.
The orc priest calls down the wrath of Beogh upon you.
Beogh smites you!
You are too injured to fight recklessly!
You are too injured to fight recklessly!
You are too injured to fight recklessly!
You thump the centaur! You tail-slap the centaur.
The centaur is almost dead.
The kobold closely misses you. The centaur closely misses you.
You bludgeon the centaur!!
You kill the centaur!
Trog accepts your kill.
The kobold throws a stone.
The stone closely misses you.
An orc, an orc warrior and an orc priest come into view.
The orc warrior is wielding a halberd of freezing.
The orc shouts!
The orc priest shouts!
An orc comes into view. It is wielding a trident.
The kobold closely misses you.
You closely miss the orc.
You kill the orc!
Trog accepts your kill. The kobold barely misses you.
An orc comes into view. It is wielding a dagger.
The kobold closely misses you.
You bludgeon the orc!!
You kill the orc!
Trog accepts your kill. The kobold closely misses you.
You closely miss the kobold.
Your tail-slap misses the kobold.
The kobold closely misses you. The kobold hits you but does no damage.
You thump the kobold!
You kill the kobold!
Trog accepts your kill. The kobold hits you with a whip.
The orc hits you from afar with a trident.
The kobold closely misses you.
You hit the kobold.
The kobold is severely wounded.
The kobold hits you but does no damage.
You bludgeon the kobold!!
You kill the kobold!
Trog accepts your kill. The orc barely misses you.
You closely miss the kobold.
The kobold is severely wounded.
The kobold hits you but does no damage.
You sock the orc priest!
The orc priest is severely wounded.
The orc hits you but does no damage.
You sock the orc priest!
You kill the orc priest!
Trog accepts your kill.
An orc wizard comes into view. It is wielding a dagger.
The kobold closely misses you. The orc hits you but does no damage.
You sock the kobold!
You kill the kobold!
Trog accepts your kill.
The orc wizard casts a spell.
The orc wizard blinks!
The orc hits you with a trident.
The orc warrior hits you from afar with a halberd of freezing!!
The orc warrior freezes you.
Items here: ))) [ † a club; a short sword; a club; a ring mail; an orc corpse You thump the orc!
You kill the orc!
Trog accepts your kill. The orc hits you but does no damage.
The orc warrior completely misses you.
Things that are here:
a trident; an orc corpse You hit the orc warrior but do no damage.
You closely miss the orc warrior.
You are no longer berserk.
You are exhausted.
You feel yourself slow down. The orc completely misses you.
The orc wizard hits you with a dagger.
The orc priest hits you with a short sword.
The orc warrior hits you with a halberd of freezing!!
* * * LOW HITPOINT WARNING * * *
The orc warrior freezes you.
You die...

#......#...##.
......................#
.#.....#..............##
..... ......#)..........
....###.....#...........
###.##.[#.#..# #........
###..).##..#.###........
.........(.....oo.......
####.......%.###@o......
....>.....##...o....>...
####......##.))(........
#......##............
#########............
#.....####### #.....#
#.....# #[!...#


You could see an orc warrior, an orc priest, an orc wizard and an orc.

Vanquished Creatures
  A two-headed ogre (D:8)
  Sigmund (D:5)
  Menkaure (D:5)
  A water moccasin (D:5)
  2 sky beasts (D:5)
  2 ice beasts (D:8)
  A phantom (D:7)
  3 ogres
  3 centaurs
  2 big kobolds
  2 bullfrogs (D:8)
  2 gnoll sergeants
  2 howler monkeys
  5 orc wizards
  A bullfrog skeleton (D:8)
  An orc priest (D:7)
  Crazy Yiuf (D:5)
  2 centaur skeletons
  3 hounds
  Ijyb (D:5)
  2 iguanas
  2 worker ants (D:8)
  A hound zombie (D:6)
  A hound skeleton (D:5)
  A worker ant zombie (D:5)
  6 gnolls
  8 adders
  A shadow imp (D:6)
  4 oozes
  3 worms
  A dart slug (D:2)
  5 leopard geckos
  19 orcs
  8 giant cockroaches
  10 goblins
  11 hobgoblins
  8 jackals
  13 kobolds
  A quokka (D:5)
  A ball python (D:4)
  8 bats
  10 frilled lizards
  A quokka skeleton (D:7)
  7 rats
169 creatures vanquished.

Notes
Turn   | Place    | Note
-------+----------+-------------------------------------------
     0 | D:1      | Mgcat the Draconian Berserker began the quest for the Orb.
     0 | D:1      | Reached XP level 1. HP: 19/19 MP: 1/1
    23 | D:1      | Upgraded the game from 0.22-a0-772-gac08f70 to 0.22-a0-782-g038298e
    62 | D:1      | Reached XP level 2. HP: 20/26 MP: 2/2
   110 | D:1      | Reached skill level 3 in Dodging
   293 | D:1      | Reached XP level 3. HP: 31/33 MP: 3/3
   317 | D:1      | Reached ** piety under Trog
   644 | D:2      | Reached skill level 4 in Fighting
   830 | D:2      | Found an iron altar of Okawaru.
   844 | D:2      | Reached XP level 4. HP: 39/40 MP: 4/4
  1300 | D:2      | Reached *** piety under Trog
  1818 | D:3      | Received a gift from Trog
  1859 | D:3      | Reached skill level 4 in Maces & Flails
  1928 | D:3      | Found an ornate altar of the Wu Jian Council.
  2058 | D:3      | Reached XP level 5. HP: 41/47 MP: 5/5
  2415 | D:4      | Reached skill level 4 in Dodging
  2424 | D:4      | Reached skill level 5 in Fighting
  2472 | D:4      | Reached XP level 6. HP: 53/56 MP: 6/6
  2755 | D:5      | Entered Level 5 of the Dungeon
  2771 | D:5      | Noticed Ijyb
  2778 | D:5      | Killed Ijyb
  2798 | D:5      | Reached skill level 5 in Maces & Flails
  2914 | D:5      | Noticed a water moccasin
  2919 | D:5      | Killed a water moccasin
  2942 | D:5      | Reached skill level 5 in Dodging
  2942 | D:5      | Your scales start taking on a glossy black colour.
  2942 | D:5      | Reached XP level 7. HP: 60/61 MP: 7/7
  2942 | D:5      | Gained mutation: You are resistant to electric shocks. (rElec) [Black Draconian growth]
  3001 | D:5      | Found a staircase to the Ecumenical Temple.
  3031 | D:5      | Reached skill level 6 in Maces & Flails
  3108 | D:5      | Found a runed door.
  3195 | D:5      | Noticed Menkaure
  3199 | D:5      | Killed Menkaure
  3199 | D:5      | Reached skill level 1 in Throwing
  3244 | D:5      | Reached skill level 2 in Throwing
  3248 | D:5      | Noticed Sigmund
  3254 | D:5      | Killed Sigmund
  3254 | D:5      | Reached skill level 7 in Maces & Flails
  3254 | D:5      | Reached XP level 8. HP: 46/68 MP: 8/8
  3316 | D:5      | Reached skill level 3 in Throwing
  3629 | D:5      | Noticed Crazy Yiuf
  3631 | D:5      | Killed Crazy Yiuf
  3631 | D:5      | Reached **** piety under Trog
  3998 | D:6      | Found a shattered altar of Ashenzari.
  3998 | D:6      | Found a glowing golden altar of the Shining One.
  4047 | D:6      | Reached skill level 4 in Throwing
  4048 | D:6      | Reached skill level 8 in Maces & Flails
  4191 | D:6      | You fall through a shaft for 2 floors!
  4207 | D:8      | Noticed a two-headed ogre
  4212 | D:8      | Killed a two-headed ogre
  4212 | D:8      | Reached skill level 9 in Maces & Flails
  4212 | D:8      | Reached skill level 5 in Throwing
  4212 | D:8      | Reached XP level 9. HP: 68/74 MP: 9/9
  4379 | D:8      | Found Delevin's Distillery.
  4393 | D:8      | Reached skill level 10 in Maces & Flails
  4586 | D:8      | Bought a potion of heal wounds for 50 gold pieces
  4658 | D:7      | Reached ***** piety under Trog
  4784 | D:7      | HP: 3/74 [orc warrior/halberd of freezing (22)]
  4784 | D:7      | Slain by an orc warrior

Vault maps used:
D:1:      dpeg_arrival_refuge, minmay_misc_feat_enclosed
D:2:      first_ration, st_stairs_3, okawaru_gym_becter
D:3:      lemuel_doored_altar
D:5:      minmay_temple_entry_mist, uniq_menkaure, uniq_sigmund, uniq_ijyb,
          uniq_crazy_yiuf_cottage
D:6:      gammafunk_temple_overflow_elements,
          grunt_temple_overflow_lords_of_destruction
D:8:      hangedman_cross_stitches, serial_shops, nicolae_shop_statue_plus,
          kennysheep_generic_room_5

Skill      XL: |  1  2  3  4  5  6  7  8  9 |
---------------+----------------------------+-----
Dodging        | 3 4 5 |  5.0
Fighting       | 4 5 |  5.0
Maces & Flails | 4 5 7 9 10 | 10.9
Throwing       | 2 5 |  5.6

Action                   |  1- 3 |  4- 6 |  7- 9 || total
-------------------------+-------+-------+-------++-------
Melee: Mace              |   113 |   171 |   165 ||   449
       Tailslap          |     9 |    19 |    32 ||    60
Throw: Javelin           |       |     3 |    11 ||    14
Invok: Berserk           |     1 |     5 |     5 ||    11
       Trog's Hand       |       |     1 |     1 ||     2
 Abil: Breathe Lightning |       |       |     7 ||     7
Evoke: Wand              |       |     1 |       ||     1
  Use: Scroll            |       |    16 |     2 ||    18
       Potion            |       |     1 |       ||     1
 Stab: Sleeping          |     1 |       |       ||     1
  Eat: Chunk             |     1 |    12 |    11 ||    24
Armor: Skin              |    47 |    55 |    46 ||   148
Dodge: Dodged            |    99 |   125 |    97 ||   321

Table legend:
 A = Spawn XP
 B = Non-spawn XP
 C = Spawn XP percentage of total XP
 D = Spawn monster count
 E = Non-spawn monster count
 F = Spawn count percentage of total count
 G = Total turns spent on level
                    A         B        C        D         E        F      G
               +---------+---------+-------+---------+---------+-------+---------
         Total |       0 |    4561 |   0.0 |       0 |     169 |   0.0 |  4784
               +---------+---------+-------+---------+---------+-------+---------
           D:1 |       0 |      62 |   0.0 |       0 |      34 |   0.0 |   623
           D:2 |       0 |      81 |   0.0 |       0 |      28 |   0.0 |  1144
           D:3 |       0 |      72 |   0.0 |       0 |      20 |   0.0 |   551
           D:4 |       0 |     213 |   0.0 |       0 |      12 |   0.0 |   454
           D:5 |       0 |    1219 |   0.0 |       0 |      21 |   0.0 |   936
           D:6 |       0 |     539 |   0.0 |       0 |      15 |   0.0 |   483
           D:7 |       0 |     477 |   0.0 |       0 |      19 |   0.0 |   160
           D:8 |       0 |    1898 |   0.0 |       0 |      20 |   0.0 |   433
               +---------+---------+-------+---------+---------+-------+---------

Vault maps used:
D:1:      dpeg_arrival_refuge, minmay_misc_feat_enclosed
D:2:      first_ration, st_stairs_3, okawaru_gym_becter
D:3:      lemuel_doored_altar
D:5:      minmay_temple_entry_mist, uniq_menkaure, uniq_sigmund, uniq_ijyb,
          uniq_crazy_yiuf_cottage
D:6:      gammafunk_temple_overflow_elements,
          grunt_temple_overflow_lords_of_destruction
D:8:      hangedman_cross_stitches, serial_shops, nicolae_shop_statue_plus,
          kennysheep_generic_room_5

Table legend:
 A = Turns spent in this place as a percentage of turns spent in the entire game.
 B = Non-inter-level travel turns spent in this place as a percentage of non-inter-level travel turns spent in the entire game.
 C = Inter-level travel turns spent in this place as a percentage of turns spent in this place.
 D = Turns resting spent in this place as a percentage of non-inter-level travel turns spent in this place.
 E = Turns spent auto-exploring this place as a percentage of non-inter-level travel turns spent in this place.
 F = Non-inter-level travel turns spent in this place divided by the number of levels of this place that you've seen.
                   A       B       C       D       E      F
               +-------+-------+-------+-------+-------+----------------------
         Total | 100.0 | 100.0 |   6.1 |   9.5 |  64.1 | 561.4
       Dungeon | 100.0 | 100.0 |   6.1 |   9.5 |  64.1 | 561.4
               +-------+-------+-------+-------+-------+----------------------

Table legend:
 A = Kills in this place as a percentage of kills in entire the game.
 B = Kills by you in this place as a percentage of kills by you in the entire game.
 C = Kills by friends in this place as a percentage of kills by friends in the entire game.
 D = Other kills in this place as a percentage of other kills in the entire game.
 E = Experience gained in this place as a percentage of experience gained in the entire game.
 F = Experience gained in this place divided by the number of levels of this place that you have seen.
                   A       B       C       D       E      F
               +-------+-------+-------+-------+-------+----------------------
         Total | 100.0 | 100.0 |   N/A |   N/A | 100.0 | 570.1
       Dungeon | 100.0 | 100.0 |   N/A |   N/A | 100.0 | 570.1
               +-------+-------+-------+-------+-------+----------------------
